 Dungeon Crawl Stone Soup version 0.23.2-33-g5129a83184 (webtiles) character file.

Game seed: 4096763310131152770

1782 Derp the Cudgeler (level 8, 0/64 HPs)
             Began as a Demonspawn Berserker on July 14, 2019.
             Was an Elder of Trog.
             Slain by Duvessa
             ... wielding a +0 rapier
              (14 damage)
             ... on level 7 of the Dungeon.
             The game lasted 00:22:08 (5491 turns).

Derp the Cudgeler (Demonspawn Berserker)            Turns: 5491, Time: 00:22:14

Health: 0/64       AC: 15    Str: 24    XL:     8   Next: 81%
Magic:  8/8        EV:  8    Int: 12    God:    Trog [****..]
Gold:   322        SH:  0    Dex: 19    Spells: 7/7 levels left

rFire    x . .     SeeInvis .   a - +0 mace
rCold    + . .     Gourm    .   (no shield)
rNeg     . . .     Faith    .   c - +3 plate armour
rPois    .         Spirit   .   (no helmet)
rElec    .         Reflect  .   (no cloak)
rCorr    .         Harm     .   (no gloves)
MR       ++...                  (no boots)
Stlth    ..........             (no amulet)
HPRegen  1.20/turn              w - +3 ring of intelligence
MPRegen  0.11/turn              g - ring of the Centipede {Ice Str+4 Dex+7}

@: about to teleport, regenerating
A: talons 1, nightstalker 1, spiny 1
a: Berserk, Trog's Hand, Brothers in Arms, Renounce Religion


You were on level 7 of the Dungeon.
You worshipped Trog.
Trog was greatly pleased with you.
You were hungry.

You visited 1 branch of the dungeon, and saw 7 of its levels.

You collected 322 gold pieces.

Inventory:

Hand Weapons
 a - a +0 mace (weapon)
Armour
 c - a +3 plate armour (worn)
 B - a +0 helmet
Jewellery
 g - the ring of the Centipede (right hand) {Ice Str+4 Dex+7}
   (You took it off an orc wizard on level 5 of the Dungeon)

   [ring of ice]

   It enhances your ice magic.
   It affects your strength (+4).
   It affects your dexterity (+7).
   It makes you vulnerable to fire.
   It protects you from cold.
 j - an uncursed ring of resist corrosion
 w - a +3 ring of intelligence (left hand)
Wands
 t - a wand of random effects (21)
 z - a wand of enslavement (7)
 A - a wand of disintegration (16)
Scrolls
 d - 4 scrolls of teleportation
 f - 3 scrolls of amnesia {unknown}
 i - 3 scrolls of enchant weapon {unknown}
 l - 3 scrolls of remove curse {unknown}
 q - 2 scrolls of noise
 v - 4 scrolls of fog
 x - a scroll of enchant armour
 y - 2 scrolls of identify
Potions
 b - a potion of might {unknown}
 e - 2 potions of invisibility {unknown}
 h - a potion of magic {unknown}
 k - a potion of brilliance {unknown}
 m - 3 potions of mutation {unknown}
 n - 3 potions of degeneration {unknown}
 o - a potion of flight {unknown}
 p - a potion of haste {unknown}
 r - 3 potions of curing
 s - 2 potions of agility {unknown}
 C - a potion of heal wounds
Comestibles
 u - 3 rations


   Skills:
 + Level 6.0 Fighting
 + Level 7.9 Maces & Flails
 + Level 5.3 Armour
 + Level 2.8 Dodging
 + Level 0.2 Stealth


You had 7 spell levels left.
You didn't know any spells.
Your spell library was empty.

Dungeon Overview and Level Annotations

Branches:
Dungeon (7/15)             Temple (0/1) D:4

Altars:
Ashenzari
Hepliaklqana
Makhleb
Nemelex Xobeh
Ru
Sif Muna
Xom
Zin

Annotations:
D:7 Duvessa


Innate Abilities, Weirdness & Mutations

You have sharp toenails.
You are slightly more attuned to the shadows.
You are partially covered in sharp spines.


Message History

As you read the scroll of teleportation, it crumbles to dust.
You feel strangely unstable. The hound is struck by your spines.
The hound bites you but does no damage. Duvessa is struck by your spines.
Duvessa barely misses you. The ice beast is struck by your spines.
The ice beast barely misses you.
The leopard gecko is struck by your spines.
The leopard gecko closely misses you. The hound barely misses you.
Your skin crawls.
You feel resistant to hostile enchantments.
You are feeling hungry.
Duvessa hits you with a +0 rapier.
* * * LOW HITPOINT WARNING * * *
The hound barely misses you.
The leopard gecko is struck by your spines.
You kill the leopard gecko!
Trog accepts your kill. The ice beast is struck by your spines.
The ice beast hits you but does no damage.
Duvessa hits you with a +0 rapier!
You die...

...............#....<.
. ................#....
.. ...............##...
...##.............#....
........(.......###....
#...#........#.........
#..........####........
............#..........
.....Y@.........†......
.....)eh...............
.......................
.......................
.......................
.#.....................
###...................
#......##.##.


You could see Duvessa (berserk), an ice beast and a hound.

Vanquished Creatures
  A troll (D:6)
  Eustachio (D:6)
  An orc warrior (D:6)
  An ice beast (D:6)
  2 ogres
  A centaur (D:7)
  2 scorpions
  Dowan (D:7)
  2 crimson imps (D:5)
  A bullfrog zombie (D:5)
  An orc priest (D:4)
  A jelly (D:5)
  Crazy Yiuf (D:5)
  3 hounds
  A bullfrog skeleton (D:6)
  A gnoll shaman (D:6)
  Ijyb (D:4)
  An iguana (D:6)
  2 orc wizards (D:5)
  6 worker ants
  A howler monkey zombie (D:5)
  12 adders
  5 gnolls (D:6)
  3 oozes
  An adder zombie (D:5)
  2 adder skeletons
  3 worms
  4 leopard geckos
  26 orcs
  14 bats
  3 giant cockroaches
  4 goblins
  7 hobgoblins
  20 jackals
  5 kobolds
  2 quokkas
  4 ball pythons (D:2)
  9 frilled lizards
  2 giant cockroach zombies
  A jackal skeleton (D:4)
  A leopard gecko skeleton (D:4)
  A leopard gecko zombie (D:5)
  7 rats
168 creatures vanquished.

Notes
Turn   | Place    | Note
-------+----------+-------------------------------------------
     0 | D:1      | Derp the Demonspawn Berserker began the quest for the Orb.
     0 | D:1      | Reached XP level 1. HP: 18/18 MP: 1/1
   203 | D:1      | Gained mutation: You have sharp toenails. [demonic
                  | ancestry]
   203 | D:1      | Reached XP level 2. HP: 15/24 MP: 2/2
   234 | D:1      | Reached skill level 3 in Maces & Flails
   612 | D:2      | Reached ** piety under Trog
   619 | D:2      | Reached XP level 3. HP: 10/29 MP: 3/3
   721 | D:2      | Found a sacrificial altar of Ru.
  1385 | D:2      | Reached XP level 4. HP: 20/35 MP: 4/4
  1487 | D:3      | Found a sparkling altar of Nemelex Xobeh.
  1712 | D:3      | Found a shattered altar of Ashenzari.
  1876 | D:3      | Found a hazy altar of Hepliaklqana.
  1877 | D:3      | Found a deep blue altar of Sif Muna.
  2109 | D:3      | Reached *** piety under Trog
  2109 | D:3      | Gained mutation: You are slightly more attuned to the
                  | shadows. [demonic ancestry]
  2109 | D:3      | Reached XP level 5. HP: 42/42 MP: 5/5
  2632 | D:4      | Reached skill level 4 in Maces & Flails
  2880 | D:4      | Noticed Ijyb
  2899 | D:4      | Killed Ijyb
  2899 | D:4      | Gained mutation: You are partially covered in sharp spines.
                  | [demonic ancestry]
  2899 | D:4      | Reached XP level 6. HP: 48/48 MP: 6/6
  2950 | D:4      | Found a staircase to the Ecumenical Temple.
  3116 | D:4      | Reached skill level 5 in Maces & Flails
  3308 | D:4      | Reached XP level 7. HP: 52/54 MP: 7/7
  3427 | D:5      | Entered Level 5 of the Dungeon
  3561 | D:5      | Identified the ring of the Centipede {Ice Str+4 Dex+7}
  3646 | D:5      | Found a burning altar of Makhleb.
  3670 | D:5      | Reached **** piety under Trog
  3745 | D:5      | Reached skill level 5 in Fighting
  3785 | D:5      | Reached skill level 6 in Maces & Flails
  3868 | D:5      | Found a glowing silver altar of Zin.
  3869 | D:5      | Noticed an angel
  3869 | D:5      | Noticed a green death
  4057 | D:5      | Found a runed translucent door.
  4058 | D:5      | Noticed Crazy Yiuf
  4064 | D:5      | Killed Crazy Yiuf
  4118 | D:5      | Found a shimmering altar of Xom.
  4119 | D:5      | Found a hide-covered altar of Uskayaw.
  4119 | D:5      | Found a sacrificial altar of Ru.
  4124 | D:5      | Found a shimmering altar of Xom.
  4124 | D:5      | Found a burning altar of Makhleb.
  4124 | D:5      | Found an opulent altar of Gozag.
  4293 | D:6      | Noticed Eustachio
  4315 | D:6      | Killed Eustachio
  4320 | D:6      | Reached XP level 8. HP: 62/62 MP: 8/8
  4412 | D:6      | Reached skill level 7 in Maces & Flails
  4431 | D:6      | Noticed a troll
  4458 | D:6      | HP: 1/63 [troll (8)]
  4802 | D:6      | HP: 2/64 [troll (11)]
  4808 | D:6      | HP: 2/64 [troll (4)]
  5111 | D:6      | Killed a troll
  5256 | D:6      | Reached skill level 5 in Armour
  5476 | D:7      | Noticed Dowan
  5477 | D:7      | Noticed Duvessa
  5488 | D:7      | Killed Dowan
  5491 | D:7      | Slain by Duvessa

Skill      XL: |  1  2  3  4  5  6  7  8 |
---------------+-------------------------+-----
Dodging        | 2 |  2.8
Maces & Flails | 3 4 5 6 7 |  7.9
Armour         | 2 3 4 5 |  5.3
Fighting       | 4 5 6 |  6.0
Stealth        | |  0.2

Action                   |  1- 3 |  4- 6 |  7- 9 || total
-------------------------+-------+-------+-------++-------
Melee: Mace              |   121 |   223 |   182 ||   526
       Kick              |    23 |    65 |    62 ||   150
Invok: Trog's Hand       |       |       |     4 ||     4
       Berserk           |       |       |     1 ||     1
       Brothers in Arms  |       |       |     1 ||     1
  Use: Potion            |       |     1 |     2 ||     3
       Scroll            |       |       |    13 ||    13
  Eat: Chunk             |     1 |     4 |     2 ||     7
       Ration            |     1 |       |     2 ||     3
Armor: Animal skin       |    61 |       |       ||    61
       Ring mail         |    24 |     4 |       ||    28
       Plate armour      |       |   158 |   125 ||   283
Dodge: Dodged            |   184 |    93 |    70 ||   347
